[Event "Early-Titled-Tuesday-Blitz-July-09-2024"]
[Site "Chess.com"]
[Date "2024.07.09"]
[Round "9"]
[White "anderson2361"]
[Black "chess_blitz00"]
[Result "0-1"]
[WhiteElo "2243"]
[BlackElo "2524"]
[TimeControl "180+1"]
[EndTime "9:45:58 PDT"]
[Termination "chess_blitz00 won by resignation"]

1. c4 d6 2. Nc3 e5 3. e4 Nc6 4. Nf3 Bg4 5. Be2 Nge7 6. d3 Bxf3 7.
Bxf3 Nd4 8. O-O Nec6 9. a3 Be7 10. b4 a5 11. b5 Nxf3+ 12. Qxf3 Nd4 13. Qd1 c6 14. Be3 Ne6 15. g3 O-O 16. f4 exf4 17. gxf4 Bf6 18. Rc1 Bd4 19. Qd2 Qb6 20. Rce1 f5 21.
Na4 Bxe3+ 22. Qxe3 Qxe3+ 23. Rxe3 fxe4 24. Rxe4 Rf6 25. f5 Nc5 26. Nxc5 dxc5 27. bxc6 Rxc6 28. Rb1 b6 29.
Re7 Rd8 30. Rb3 a4 31. Rc3 Rcd6 32. Re3 Rf8 33. Rf3 g6 34. Rc2 Rxf5 35. Re3 Rf7 36. Rb2 Rfd7 37. Re8+ Kf7 38. Rh8 Kg7 39. Rb8 Rxd3 40.
R8xb6 Rxa3 41. Rc6 Rb3 42. Ra2 a3 43. Rxc5 Rb2 44.
Rxb2 axb2 45. Rb5 Rd1+ 0-1

[Event "Early-Titled-Tuesday-Blitz-July-09-2024"]
[Site "Chess.com"]
[Date "2024.07.09"]
[Round "9"]
[White "MAGMAchess02"]
[Black "Alina_Gumerovna"]
[Result "1-0"]
[WhiteElo "2312"]
[BlackElo "2073"]
[TimeControl "180+1"]
[EndTime "9:45:58 PDT"]
[Termination "MAGMAchess02 won on time"]

1. d4 Nf6 2. c4 g6 3. Nc3 d6 4. e4 Bg7 5. Be2 O-O 6. Bg5 h6 7. Be3 e5 8. d5 c6 9. Qd2 Kh7 10. f3 cxd5 11. cxd5 a5 12. g4 Na6 13. h4 Ne8 14.
Nh3 Nc5 15. O-O-O Bd7 16. Rdg1 Rb8 17. Bd1 b5 18. Ng5+ hxg5 19. hxg5+ Kg8 20. Qh2 f5 21. Qh7+ Kf7 22. Rh6 Ke7 23. Qxg6 Bxh6 24. Bxc5 Bxg5+ 25. Qxg5+ Nf6 26. Bf2 Rg8 27. Qh6 fxg4 28. Bh4 Qf8 29. Qe3 Ke8 30. fxg4 Nh7 31. g5 Qf7 32. g6 Rxg6 33. Rh1 Nf8 34. Bh5 Qg7 35. Rg1 1-0

[Event "Early-Titled-Tuesday-Blitz-July-09-2024"]
[Site "Chess.com"]
[Date "2024.07.09"]
[Round "9"]
[White "Nitzan_Steinberg"]
[Black "Bauman_Guy"]
[Result "1-0"]
[WhiteElo "2880"]
[BlackElo "2943"]
[TimeControl "180+1"]
[EndTime "9:45:59 PDT"]
[Termination "Nitzan_Steinberg won by resignation"]

1. e4 c5 2. Nf3 d6 3. d4 Nf6 4. Nc3 cxd4 5. Nxd4 a6 6. h4 e5 7. Nb3 Be7 8. Be2 Be6 9. f4 Nc6 10. f5 Bxb3 11. axb3 d5 12. exd5 Nb4 13. Bg5 h6 14. Bxf6 Bxf6 15. Ne4 Nxd5 16. Bb5+ Ke7 17. Bc4 Ne3 18. Qe2 Nxc4 19. bxc4 Qb6 20. O-O-O Rhd8 21. c5 Qc6 22. Rd6 Rxd6 23. cxd6+ Kf8 24. g4 Bd8 25. g5 Rc8 26. Kb1 Qc4 27. Qg2 h5 28. Rd1 Rc6 29.
c3 Qb3 30. Qe2 Qc4 31. Rd3 Kg8 32. g6 fxg6 33. fxg6 Kf8 34. Qf3+ Ke8 35. Rd5 Qxd5 36. Nf6+ Bxf6 37. Qxd5 Kd7 38. c4 Rxd6 39. Qxb7+ Ke6 40. c5 Rd1+ 41. Ka2 Bxh4 42. Qb3+ Rd5 43. Qh3+ Kf6 44.
Qxh4+ Kxg6 45. Qe4+ 1-0

[Event "Early-Titled-Tuesday-Blitz-July-09-2024"]
[Site "Chess.com"]
[Date "2024.07.09"]
[Round "9"]
[White "yonaltimur"]
[Black "AA95"]
[Result "1/2-1/2"]
[WhiteElo "2281"]
[BlackElo "2518"]
[TimeControl "180+1"]
[EndTime "9:45:59 PDT"]
[Termination "Game drawn by repetition"]

1. e4 c6 2. d4 d5 3. Nc3 dxe4 4.
Nxe4 Nf6 5. Nxf6+ exf6 6. Nf3 Bd6 7. Bd3 O-O 8. O-O Bg4 9. h3 Bh5 10. Be3 Bg6 11. c4 Nd7 12. Rc1 Re8 13. Re1 Bb4 14.
Re2 Bxd3 15. Qxd3 Ne5 16. Qf5 g6 17. Qc2 Nxf3+ 18. gxf3 Bd6 19. Rce1 f5 20. Qc1 Bb4 21. Bd2 Rxe2 22. Rxe2 Bxd2 23. Qxd2 Qh4 24. Kg2 Rd8 25. f4 Qf6 26. Re5 Qd6 27. d5 f6 28. Re2 cxd5 29. cxd5 Qxd5+ 30. Qxd5+ Rxd5 31. Re7 Rb5 32. b3 h5 33. Kf3 Kf8 34. Rc7 Rb4 35. Ke3 a5 36. f3 Kg8 37. Rd7 h4 38. Rc7 a4 39.
bxa4 Rxa4 40. Rxb7 Ra3+ 41. Kf2 Rxa2+ 42. Kf1 Rh2 43. Rb6 Kg7 44. Rb7+ Kh6 45. Rb6 Rxh3 46. Kg2 Rg3+ 47. Kf2 Kg7 48. Rb7+ Kg8 49. Rb6 Kf7 50. Rb7+ Kf8 51. Rb8+ Ke7 52. Rb7+ Ke8 53. Rb6 Ke7 54.
Rb7+ Ke6 55. Rb6+ Kf7 56. Rb7+ Kg8 57. Rb8+ Kh7 58. Rb6 Rh3 59. Kg2 Rg3+ 60. Kf2 g5 61. Rxf6 gxf4 62. Rxf5 h3 63. Rxf4 Rg2+ 64. Kf1 Kg6 65.
Rg4+ Rxg4 66. fxg4 Kg5 67. Kg1 Kh4 68. Kh1 Kxg4 69. Kg1 Kg3 70. Kh1 Kh4 71. Kg1 Kg4 72. Kh1 Kf3 73. Kg1 Kg4 74. Kh1 Kg3 75. Kg1 Kg4 1/2-1/2

[Event "Early-Titled-Tuesday-Blitz-July-09-2024"]
[Site "Chess.com"]
[Date "2024.07.09"]
[Round "9"]
[White "Gyulamiryan-koryun"]
[Black "amylazy"]
[Result "1-0"]
[WhiteElo "1918"]
[BlackElo "2489"]
[TimeControl "180+1"]
[EndTime "9:45:59 PDT"]
[Termination "Gyulamiryan-koryun won by checkmate"]

1. d4 Nf6 2. c4 g6 3. Nc3 d5 4. h4 h6 5. cxd5 Nxd5 6. h5 g5 7. e4 Nxc3 8. bxc3 Bg7 9. Be3 c5 10. Bb5+ Bd7 11. Bxd7+ Nxd7 12. Ne2 O-O 13. Qd2 Rc8 14.
f4 cxd4 15. cxd4 Nf6 16. Qd3 Ng4 17. fxg5 Nxe3 18. Qxe3 Qa5+ 19. Kf2 hxg5 20. h6 Bf6 21. e5 Rfe8 22. Rh5 Kh8 23. Rf1 g4 24. Qf4 Rc2 25. Qxg4 Rg8 26. Qe4 Rxa2 27. Kg1 Ra1 28. Rf5 Rxf1+ 29.
Kxf1 Rc8 30. exf6 Qa1+ 31. Kf2 e6 32. Rf3 Rg8 33. Rg3 Rxg3 34. Kxg3 Qb2 35. Qg4 Qa3+ 36. Kh2 Qd6+ 37. Kh3 Qa3+ 38. Ng3 Qf8 39. Qg7+ Qxg7 40.
fxg7+ Kg8 41. Kg4 f6 42. Kh5 Kh7 43. Ne4 f5 44. Nf6# 1-0

[Event "Early-Titled-Tuesday-Blitz-July-09-2024"]
[Site "Chess.com"]
[Date "2024.07.09"]
[Round "9"]
[White "Schack-Hugo"]
[Black "Chesstiger64"]
[Result "1-0"]
[WhiteElo "2553"]
[BlackElo "2387"]
[TimeControl "180+1"]
[EndTime "9:46:00 PDT"]
[Termination "Schack-Hugo won on time"]

1. Nf3 c5 2. b3 Nc6 3. e3 d5 4. Bb5 Bd7 5. Bb2 e6 6. O-O Nf6 7. c4 Be7 8. d4 a6 9. Bxc6 Bxc6 10. Ne5 Rc8 11. Nc3 cxd4 12. exd4 O-O 13. Qe2 dxc4 14. bxc4 b5 15. cxb5 axb5 16. Nxc6 Rxc6 17. Nxb5 Nd5 18.
Rfc1 Ra6 19. a4 Qa8 20. Qd1 Nf4 21. f3 Nd5 22. Qb3 Rb8 23. Ra2 Qb7 24. Ba3 Bg5 25. Rb1 h5 26. Bc5 h4 27. Qc4 h3 28. Nc3 Be3+ 29. Kf1 hxg2+ 30. Rxg2 Qxb1+ 31. Nxb1 Rxb1+ 32. Ke2 Rb2+ 33. Kd3 Nf4+ 34. Kc3 Rxg2 35. Qxa6 Nd5+ 36.
Kb3 Rxh2 37. a5 Rf2 38. Qc8+ Kh7 39. a6 Rxf3 40. Kc2 Rf2+ 41. Kb3 Rf3 42. Kc4 Rf1 43.
a7 1-0

[Event "Early-Titled-Tuesday-Blitz-July-09-2024"]
[Site "Chess.com"]
[Date "2024.07.09"]
[Round "9"]
[White "praveenb2002"]
[Black "artin10862"]
[Result "1-0"]
[WhiteElo "2852"]
[BlackElo "2937"]
[TimeControl "180+1"]
[EndTime "9:46:01 PDT"]
[Termination "praveenb2002 won by resignation"]

1. e4 e5 2. Nf3 Nc6 3. Bc4 Nf6 4. d3 a6 5. Ng5 d5 6. exd5 Na5 7. Qe2 Bd6 8. Bd2 Nxc4 9. dxc4 O-O 10. Nc3 e4 11. O-O-O Re8 12. Rde1 Bg4 13. Qe3 Bf5 14. f3 exf3 15. Qxf3 Bg6 16. Nge4 Nxe4 17. Nxe4 b5 18. c5 Bxe4 19. Rxe4 Rxe4 20. Qxe4 Bxc5 21. Re1 Bd6 22. Qf5 Qh4 23. h3 Rf8 24. Kb1 Qg3 25. Qe4 h6 26.
Bc3 f6 27. a3 a5 28. Bxa5 Be5 29. Re3 Qf2 30. Be1 Qf1 31. Ka2 Rd8 32. Bc3 Bd6 33.
g4 Rf8 34. h4 Qg1 35. Rf3 Qh1 36. g5 hxg5 37. hxg5 b4 38. Qe6+ Kh7 39. Rh3+ Qxh3 40. Qxh3+ Kg6 41. Bxb4 fxg5 42. Bxd6 cxd6 43. Qd3+ Kh5 44.
Qh7+ 1-0

[Event "Early-Titled-Tuesday-Blitz-July-09-2024"]
[Site "Chess.com"]
[Date "2024.07.09"]
[Round "9"]
[White "Prizant_academy"]
[Black "FGHSMN"]
[Result "1-0"]
[WhiteElo "3042"]
[BlackElo "3000"]
[TimeControl "180+1"]
[EndTime "9:46:02 PDT"]
[Termination "Prizant_academy won by resignation"]

1. d4 Nf6 2. c4 b6 3. f3 Nc6 4. Nc3 e5 5. d5 Ne7 6. Qc2 Ng6 7. g4 Bc5 8. h4 h5 9. g5 Ng8 10. e3 d6 11. Bd3 N8e7 12. b4 Bxb4 13. Qa4+ Bd7 14.
Qxb4 Nf5 15. Bxf5 Bxf5 16. e4 Bd7 17. Nge2 f5 18. exf5 Bxf5 19. Qb5+ Bd7 20. Qb1 Ne7 21. Ng3 O-O 22. O-O Qe8 23. Kg2 Ng6 24. Rh1 Qf7 25. Qd3 Bg4 26. fxg4 Qf2+ 27. Kh3 Rf3 28. Ne4 Qxg3+ 29.
Nxg3 Rxd3 30. gxh5 Nf4+ 31. Kg4 Rd4 32. Be3 Rxc4 33.
Bxf4 Rxf4+ 34. Kh3 Ra4 35. Rhf1 e4 36. Rac1 Rc8 37. Rf4 Rxa2 38. Nxe4 Ra5 39. Nxd6 Rd8 40. Nf5 Rd7 41. Re1 Rd8 42. Re7 Raxd5 43. Rxg7+ Kh8 44.
Rxc7 Rf8 45. Kg4 Rd1 46. h6 Rg1+ 47. Kh5 a5 48. Ne7 1-0

[Event "Early-Titled-Tuesday-Blitz-July-09-2024"]
[Site "Chess.com"]
[Date "2024.07.09"]
[Round "9"]
[White "MetiForce"]
[Black "dropstoneDP"]
[Result "1/2-1/2"]
[WhiteElo "2867"]
[BlackElo "3039"]
[TimeControl "180+1"]
[EndTime "9:46:02 PDT"]
[Termination "Game drawn by repetition"]

1. e4 e5 2. f4 exf4 3. Nf3 d6 4. Bc4 h6 5. h4 Nf6 6. Nc3 Nc6 7. d4 Nh5 8. Nd5 Bg4 9. Nxf4 Ng3 10. Rh2 Be7 11.
Qd3 O-O 12. Bd2 a5 13. O-O-O Nb4 14. Bxb4 axb4 15. Re1 b5 16. Bb3 c6 17. Ng6 Re8 18.
Nfe5 dxe5 19. Qxg3 Bh5 20. Nxe5 Qxd4 21. Nxc6 Bd6 22.
e5 Qc5 23. exd6 Qxc6 24. Rhh1 Red8 25. Qe5 Bg6 26. h5 Bxc2 27. Bxc2 b3 28. axb3 Ra1+ 29.
Kd2 Rxd6+ 30. Bd3 Qxg2+ 31. Qe2 Qg5+ 32. Qe3 Qg2+ 33. Re2 Rxd3+ 34. Qxd3 Qg5+ 35. Kc2 Qc5+ 36. Kd2 Qg5+ 37. Kc2 Qc5+ 38. Kd2 Qb4+ 39. Kc2 Qc5+ 1/2-1/2

[Event "Early-Titled-Tuesday-Blitz-July-09-2024"]
[Site "Chess.com"]
[Date "2024.07.09"]
[Round "9"]
[White "sleeping_in_the_fire"]
[Black "gau248"]
[Result "0-1"]
[WhiteElo "2466"]
[BlackElo "2617"]
[TimeControl "180+1"]
[EndTime "9:46:04 PDT"]
[Termination "gau248 won by resignation"]

1. e4 e5 2. Nc3 Nc6 3. Bc4 g6 4. d3 Bg7 5. Nge2 Nge7 6. O-O O-O 7. f4 Na5 8. Bb3 Nxb3 9. axb3 d5 10. fxe5 dxe4 11. Nxe4 Bxe5 12. Bh6 Re8 13. d4 Bh8 14. Bg5 Bf5 15. Nf6+ Bxf6 16. Bxf6 Qd6 17. Be5 Qd7 18. Ng3 Nc6 19. Rxf5 gxf5 20. Nh5 Re6 21. Nf6+ Rxf6 22. Bxf6 Qe6 23. Bg5 Ne7 24. Qe1 Ng6 25. c4 a6 26. d5 Qd7 27. Qc3 Re8 28. h4 f4 29.
h5 Qg4 30. hxg6 Qxg5 31. gxf7+ Kxf7 32. Rf1 Kg8 33. Qf3 Rf8 34. Qe4 b6 35. Qe6+ Kh8 36.
Re1 f3 37. Qe5+ Qxe5 38. Rxe5 Rg8 39. g3 Rxg3+ 40. Kf2 Rg2+ 41. Kxf3 Rxb2 42. Re8+ Kg7 43. Re7+ Kg6 44. Rxc7 Rxb3+ 45. Ke4 h5 46. d6 Rb1 47. Ke5 Re1+ 48. Kd5 h4 49. Rh7 Kxh7 0-1

[Event "Early-Titled-Tuesday-Blitz-July-09-2024"]
[Site "Chess.com"]
[Date "2024.07.09"]
[Round "9"]
[White "Vaporwaffle94"]
[Black "VacheH009"]
[Result "0-1"]
[WhiteElo "2271"]
[BlackElo "2529"]
[TimeControl "180+1"]
[EndTime "9:46:04 PDT"]
[Termination "VacheH009 won by resignation"]

1. e4 c6 2. Ne2 d5 3. e5 Bf5 4. Ng3 Bg6 5. h4 h6 6. e6 fxe6 7. d4 Nd7 8. Bd3 Bf7 9. Nd2 Ngf6 10. Nf3 Qc7 11. Qe2 O-O-O 12. Bd2 c5 13. dxc5 Nxc5 14. O-O-O Nxd3+ 15. Qxd3 e5 16. Qf5+ e6 17. Qxe5 Bd6 18.
Qc3 e5 19. Nf5 e4 20. Nxd6+ Rxd6 21. Qxc7+ Kxc7 22. Nd4 Ra6 23. Kb1 Re8 24. Bf4+ Kc8 25. Nf5 Kd7 26. g3 Rg8 27. Rd4 Be6 28.
Ne3 Ke7 29. Rb4 b6 30. Rd1 Rc8 31. Be5 Ra5 32. Rbd4 Rac5 33. c3 Rd8 34. Ng2 Ng4 35. b4 Rc6 36. Bxg7 Rg8 37. Nf4 Rxg7 38. Nxd5+ Bxd5 39. Rxd5 Re6 40. R1d2 Rf7 41. Rd7+ Kf8 42. Rd8+ Kg7 43. c4 Nxf2 44. c5 e3 45. Re2 bxc5 46. bxc5 Ne4 47. Kc2 Nxg3 48. Rg2 e2 49. Rxg3+ Kh7 50.
Rgg8 e1=Q 51. Rh8+ Kg6 52. Rdg8+ Kh5 53. Rg1 Rf2+ 54.
Kb3 Qxg1 55. Kc4 Qg4+ 56. Kb5 Rb2+ 0-1

[Event "Early-Titled-Tuesday-Blitz-July-09-2024"]
[Site "Chess.com"]
[Date "2024.07.09"]
[Round "9"]
[White "Fh2411"]
[Black "Chessgod9oninsta"]
[Result "0-1"]
[WhiteElo "2582"]
[BlackElo "2774"]
[TimeControl "180+1"]
[EndTime "9:46:05 PDT"]
[Termination "Chessgod9oninsta won by resignation"]

1. d4 b6 2. Bf4 Bb7 3. e3 e6 4. Nf3 d6 5. Nbd2 Nd7 6. Bd3 g6 7. O-O Ne7 8. h3 Bg7 9. Bh2 O-O 10.
c3 h6 11. a4 a6 12. Qe2 e5 13.
Rfd1 Qe8 14. dxe5 dxe5 15. e4 Nc8 16. Nc4 Qe7 17. Bc2 Nd6 18. Nxd6 cxd6 19. Bb3 Nc5 20. Bd5 Rfd8 21. Qe3 Bf8 22. b4 Bxd5 23. Rxd5 Nd7 24. Rad1 Nf6 25. R5d3 Qc7 26. g4 Rdc8 27. Bg3 Qc6 28. Nd2 Qxa4 29. Rf1 a5 30. f4 axb4 31.
cxb4 Qxb4 32. Kh1 Nd7 33. fxe5 Nxe5 34. Bxe5 dxe5 35. Rd7 Ra3 36. Qf2 f5 37. gxf5 g5 38. f6 Rxh3+ 39. Kg2 Rcc3 40. Qf5 Rcg3+ 41. Kf2 Bc5+ 42.
Ke2 Re3+ 43. Kd1 Qa4+ 44. Kc1 Rc3+ 45. Kb2 Qc2+ 0-1

[Event "Early-Titled-Tuesday-Blitz-July-09-2024"]
[Site "Chess.com"]
[Date "2024.07.09"]
[Round "9"]
[White "pouya21"]
[Black "vladgoncharov"]
[Result "1/2-1/2"]
[WhiteElo "2858"]
[BlackElo "2665"]
[TimeControl "180+1"]
[EndTime "9:46:07 PDT"]
[Termination "Game drawn by repetition"]

1. e4 e6 2. Nc3 d5 3. Nf3 Nf6 4. e5 Nfd7 5. d4 c5 6. Bg5 Qb6 7. dxc5 Bxc5 8. Qd2 a6 9. Na4 Qb4 10. Nxc5 Qxd2+ 11. Nxd2 Nxc5 12. Be3 Ncd7 13. f4 Nc6 14. c4 d4 15. Bf2 f6 16. exf6 gxf6 17. g3 Nc5 18. a3 a5 19. Bg2 Bd7 20. O-O Kf7 21.
Bxc6 Bxc6 22. Bxd4 Rhd8 23. Bxc5 Rxd2 24. Rf2 Rad8 25.
Be3 R2d3 26. Re1 a4 27. Rc2 Rd1 28. Rc1 R1d3 29. Kf2 Rb3 30. Re2 Rdd3 31. Rce1 f5 32. Bc5 Be4 33. Bb4 h5 34. Bc3 h4 35. Re3 hxg3+ 36.
Kxg3 Rxe3+ 37. Rxe3 Rb6 38. Kf2 Kg6 39. Rg3+ Kh6 40.
Rg7 Rc6 41. Rxb7 Rxc4 42. Rb4 Bd5 43. Kg3 Kh5 44. h4 Re4 45. Rxe4 Bxe4 46. Bf6 Bd5 47. Bg5 Bb3 48. Kf2 Kg6 49. Ke3 Kh5 50. Kd4 Kg6 51. Ke5 Bd5 52. Kd6 Bb3 53. Kc5 Kh5 54.
Kd4 Kg6 55. Bd8 Kh5 56. Ke3 Kg6 57. Kf2 Kh5 58. Ke1 Kg4 59. Bg5 Kh5 60. Kd2 Kg4 61. Ke3 Kh5 62. Kd4 1/2-1/2

[Event "Early-Titled-Tuesday-Blitz-July-09-2024"]
[Site "Chess.com"]
[Date "2024.07.09"]
[Round "9"]
[White "Chess_master1982"]
[Black "sofaceindisguise"]
[Result "0-1"]
[WhiteElo "2648"]
[BlackElo "2774"]
[TimeControl "180+1"]
[EndTime "9:46:10 PDT"]
[Termination "sofaceindisguise won by checkmate"]

1. e4 c5 2. Nf3 e6 3. d4 cxd4 4.
Nxd4 a6 5. c3 Qc7 6. f3 Nf6 7.
Bd3 d5 8. Nd2 Nc6 9. Qe2 e5 10.
Nxc6 bxc6 11. exd5 cxd5 12. O-O Bc5+ 13. Kh1 O-O 14. Nb3 Bd6 15. Bg5 Nd7 16. Bc2 Bb7 17. Rad1 Rae8 18. Qf2 h6 19. Qh4 f5 20. Bxh6 gxh6 21.
Qxh6 Re7 22. Bxf5 Rxf5 23. Qg6+ Rg7 24. Qxf5 Rf7 25. Qg6+ Kf8 26. Qh6+ Ke7 27. Rfe1 Kd8 28. c4 d4 29. Nxd4 exd4 30. Rxd4 Bf8 31. Qg6 Re7 32. Red1 Bc6 33. b4 Kc8 34. b5 axb5 35. cxb5 Bxb5 36. Qb1 Bc6 37. Rc1 Re6 38. Qf5 Rh6 39. h3 Rd6 40. Rdc4 Be7 41. Qf7 Bd8 42. Qf5 Kb7 43. Qb1+ Nb6 44. a4 Ka8 45. Rb4 Rd2 46. a5 Qg3 47. Rg1 Bxf3 48. Rg4 Qxh3# 0-1

[Event "Early-Titled-Tuesday-Blitz-July-09-2024"]
[Site "Chess.com"]
[Date "2024.07.09"]
[Round "9"]
[White "Mysterio47"]
[Black "FARIZA2018"]
[Result "1-0"]
[WhiteElo "2757"]
[BlackElo "2633"]
[TimeControl "180+1"]
[EndTime "9:46:11 PDT"]
[Termination "Mysterio47 won on time"]

1. Nf3 d5 2. b3 c5 3. Bb2 Nc6 4. e3 e6 5. Bb5 Nf6 6. Bxc6+ bxc6 7. O-O Be7 8. c4 O-O 9. Nc3 Rb8 10. Na4 Ba6 11. Qc2 Nd7 12. Rac1 Qa5 13. Bc3 Qc7 14. d3 Qb7 15. Ne5 f6 16. Nxd7 Qxd7 17. Bb2 Qd8 18. Ba3 Qa5 19. Qc3 Qxc3 20. Rxc3 Rfd8 21. Bxc5 Bxc5 22.
Nxc5 Bc8 23. d4 e5 24. Rd1 Bf5 25. cxd5 cxd5 26. f3 a5 27. Kf2 Kf7 28. Rd2 Rb4 29. g4 Bc8 30. h3 exd4 31. Rxd4 Rxd4 32. exd4 Ke7 33. Nd3 Kd6 34. Rc5 a4 35. bxa4 Ba6 36.
Nb4 Bc4 37. a5 Ra8 38. a6 Bxa2 39. Rc6+ Kd7 40. Rb6 Bc4 41. Rb7+ Kd6 42. a7 g6 43. Rxh7 Bb5 44. Rg7 Be8 45. h4 Ke6 46. Na6 Kd6 47. Nc7 1-0

[Event "Early-Titled-Tuesday-Blitz-July-09-2024"]
[Site "Chess.com"]
[Date "2024.07.09"]
[Round "9"]
[White "Slovineanu"]
[Black "Massakru"]
[Result "1-0"]
[WhiteElo "2546"]
[BlackElo "2376"]
[TimeControl "180+1"]
[EndTime "9:46:11 PDT"]
[Termination "Slovineanu won on time"]

1. d4 Nf6 2. Nf3 c5 3. d5 b5 4. e4 Nxe4 5. Bd3 Nf6 6. Bxb5 Bb7 7. Bc4 g6 8. O-O Bg7 9. Nc3 O-O 10. Re1 d6 11. h3 Nbd7 12. a4 Nb6 13. Ba2 a5 14. Bg5 h6 15. Bf4 Qd7 16. Qd2 Kh7 17. Re2 Rfe8 18.
Rae1 Bf8 19. Bb3 Ba6 20. Re3 c4 21. Ba2 Nxa4 22. Ne4 Nxe4 23. Rxe4 Nxb2 24. Bxh6 c3 25. Qc1 Bg7 26. Rh4 Rh8 27. Bg5+ Kg8 28. Rxe7 Qb5 29. Qf4 Qf1+ 30. Kh2 Rf8 31. Bf6 Qxf2 32. Rxh8+ Bxh8 33. Bxh8 Kxh8 34. Rxf7 Rxf7 35. Qxf7 Bf1 36. Qxg6 Qe3 37. Qh5+ Kg8 38. Qg6+ Kh8 39. Qf6+ Kg8 40. h4 Be2 41. Ng5 Qe5+ 42. Qxe5 dxe5 43. d6+ Kf8 44. Be6 1-0

[Event "Early-Titled-Tuesday-Blitz-July-09-2024"]
[Site "Chess.com"]
[Date "2024.07.09"]
[Round "9"]
[White "Zavgorodniy_Sergiy"]
[Black "IlanSchnaider"]
[Result "0-1"]
[WhiteElo "2664"]
[BlackElo "2836"]
[TimeControl "180+1"]
[EndTime "9:46:12 PDT"]
[Termination "IlanSchnaider won on time"]

1. d4 Nf6 2. Nc3 d5 3. Bf4 c5 4. e3 cxd4 5. exd4 a6 6. Nf3 Nc6 7. Be2 e6 8. O-O Bd6 9. Bxd6 Qxd6 10. Re1 O-O 11. Bd3 h6 12. Ne2 Ne4 13. Ng3 f5 14. c4 Bd7 15. Rc1 Rac8 16. c5 Qe7 17. a3 Qf6 18. b4 Be8 19. b5 axb5 20. Bxb5 Ne7 21. Bxe8 Rfxe8 22. Ne5 Nc6 23. Nxc6 bxc6 24. a4 Ra8 25. Ra1 Ra5 26. f3 Nxg3 27. hxg3 e5 28. Qd2 Ra7 29. a5 e4 30. fxe4 dxe4 31. d5 cxd5 32.
Qxd5+ Kh7 33. c6 Re5 34. Qc4 Qe7 35. Rec1 Qc7 36. a6 e3 37. Qd4 e2 38. Kf2 Re4 39.
Qc5 Re5 40. Qd4 Re6 41. Qd5 Qf7 42. Qd4 Re4 43. Qd3 Rae7 44. Qf3 Qd5 45. Ke1 Qd4 46. Qxf5+ g6 47. Qf2 Qb4+ 0-1

[Event "Early-Titled-Tuesday-Blitz-July-09-2024"]
[Site "Chess.com"]
[Date "2024.07.09"]
[Round "9"]
[White "Arystanner"]
[Black "mishanick"]
[Result "1/2-1/2"]
[WhiteElo "2913"]
[BlackElo "3090"]
[TimeControl "180+1"]
[EndTime "9:46:13 PDT"]
[Termination "Game drawn by repetition"]

1. e4 c5 2. Nf3 d6 3. d4 cxd4 4. Nxd4 Nf6 5. Nc3 a6 6. Be2 e5 7. Nb3 Be7 8. Qd3 Be6 9. O-O O-O 10. Rd1 Qc8 11. Bg5 Nbd7 12. a4 Nb6 13. Bxf6 Bxf6 14.
Qxd6 Nc4 15. Bxc4 Qxc4 16. Na5 Qc8 17. Nd5 Qxc2 18. Nxf6+ gxf6 19. Qb4 Rfd8 20. Rxd8+ Rxd8 21. h3 Rd2 22. Ra3 Rd3 23. Rxd3 Qxd3 24. Nxb7 Bc4 25. Nc5 Qd4 26. b3 Qd1+ 27. Kh2 Be2 28. Qc3 Qd6 29. b4 h5 30. h4 Kg7 31. Qg3+ Kh7 32. Qe3 Bg4 33.
Qd3 Qb6 34. f3 Bc8 35. Qc4 Kg7 36. b5 axb5 37. axb5 Qa5 38. Nb3 Qd8 39. Qc3 Be6 40. Nc5 Bc8 41. Nd3 Bd7 42. Qc5 Be6 43. Nf2 Qd2 44. b6 Qb2 45. Nd3 Qb1 46. Nb4 Qe1 47. b7 Qxh4+ 48. Kg1 Qe1+ 49. Kh2 Qh4+ 50. Kg1 Qe1+ 51. Kh2 Qh4+ 1/2-1/2

[Event "Early-Titled-Tuesday-Blitz-July-09-2024"]
[Site "Chess.com"]
[Date "2024.07.09"]
[Round "9"]
[White "shimastream"]
[Black "GHANDEEVAM2003"]
[Result "0-1"]
[WhiteElo "2902"]
[BlackElo "3170"]
[TimeControl "180+1"]
[EndTime "9:46:13 PDT"]
[Termination "GHANDEEVAM2003 won on time"]

1. e4 c6 2. d4 d5 3. e5 Bf5 4. h4 h5 5. Bd3 Bxd3 6. Qxd3 Qa5+ 7. b4 Qa6 8. e6 Qxd3 9. cxd3 fxe6 10. Nd2 Nd7 11.
Ndf3 Nh6 12. Nh3 Nf7 13. Nf4 Rh6 14. Bb2 a5 15. bxa5 Rxa5 16. O-O Ra4 17. g3 e5 18.
dxe5 e6 19. Rfb1 Bc5 20. Bc3 b5 21. d4 Be7 22. Nd3 Nb6 23. Bb4 Nc4 24. Bxe7 Kxe7 25.
Nc5 Ra3 26. Rb3 Rh8 27. Rxa3 Nxa3 28. Rc1 Ra8 29. Ne1 Nh6 30. Ned3 Nf5 31. Nb3 Nc4 32. Nb4 Rc8 33. Ra1 c5 34. dxc5 Nxe5 35. a4 bxa4 36.
Rxa4 Rb8 37. Nd2 Rb7 38. Kg2 g6 39. Nf3 Nc4 40. Nc6+ Kf6 41. Ra6 Rb2 42. Ncd4 Nxd4 43. Nxd4 Ke5 44. Nxe6 Ne3+ 45. Kf3 Ng4 0-1

[Event "Early-Titled-Tuesday-Blitz-July-09-2024"]
[Site "Chess.com"]
[Date "2024.07.09"]
[Round "9"]
[White "bazar-wokzal"]
[Black "FormerProdigy"]
[Result "1/2-1/2"]
[WhiteElo "2615"]
[BlackElo "2944"]
[TimeControl "180+1"]
[EndTime "9:46:15 PDT"]
[Termination "Game drawn by repetition"]

1. e4 c5 2. c3 d5 3. exd5 Qxd5 4.
d4 Nf6 5. Nf3 e6 6. a3 Nc6 7.
Be3 cxd4 8. cxd4 Be7 9. Nc3 Qd6 10. Qc2 O-O 11. Bd3 h6 12. Rc1 Bd7 13. O-O Rfd8 14. Qd2 Bf8 15. Bf4 Qe7 16. Rfe1 Be8 17. Bb1 Rac8 18.
Qc2 g6 19. Rcd1 Qd7 20. Ba2 Bg7 21. d5 exd5 22. Nxd5 Nxd5 23. Rxd5 Qg4 24. Rxd8 Rxd8 25. Bg3 Kh7 26. h3 Qd7 27. h4 Ne7 28. h5 Nf5 29. hxg6+ fxg6 30. Be5 Bf7 31. Bxf7 Qxf7 32. Bxg7 Qxg7 33. Re6 Qf7 34. Qe4 Rd1+ 35. Kh2 Qc7+ 36. g3 Rd7 37. Rxg6 Qc5 38. Rg4 Qxf2+ 39. Kh3 Qf1+ 40.
Kh2 Qf2+ 41. Kh3 Rf7 42. Nh4 Qf1+ 43. Kh2 Qf2+ 44. Kh3 h5 45. Rg5 Qf1+ 46. Kh2 Qf2+ 47. Kh3 Qf1+ 48. Kh2 Qf2+ 49. Kh3 1/2-1/2

[Event "Early-Titled-Tuesday-Blitz-July-09-2024"]
[Site "Chess.com"]
[Date "2024.07.09"]
[Round "9"]
[White "nitpicker"]
[Black "IC3S2"]
[Result "0-1"]
[WhiteElo "2317"]
[BlackElo "2545"]
[TimeControl "180+1"]
[EndTime "9:46:17 PDT"]
[Termination "IC3S2 won on time"]

1. d4 d5 2. c4 e6 3. Nf3 c5 4.
cxd5 exd5 5. g3 Nf6 6. Bg2 Nc6 7. O-O Be7 8. Nc3 O-O 9. dxc5 Bxc5 10. Bg5 d4 11.
Bxf6 Qxf6 12. Nd5 Qd8 13. Nd2 Re8 14. a3 Be6 15. Nf4 Bb6 16. Rc1 Rc8 17. Re1 a6 18. Nxe6 fxe6 19. Qb3 Ba5 20. Red1 Qb6 21. Qa2 Bxd2 22.
Rxd2 Kh8 23. Bh3 Qa5 24. Rcd1 Qe5 25. Bg2 Red8 26. b4 Qf6 27. Qb3 e5 28. Qd3 Qe7 29.
Rc2 Na7 30. Rdc1 Qd7 31. Be4 h6 32. Bf5 Rxc2 33. Rxc2 Qf7 34. Bg6 Qe7 35. Be4 Nb5 36. Rc4 Nd6 37. Rc2 Qd7 38. Bg2 Rc8 39. Rc5 Qe6 40.
Be4 b6 41. Rxc8+ Qxc8 42. Kg2 b5 43. Bd5 Qe8 44. Qf3 e4 45. Qf4 Qe7 46. Qg4 Qe5 47. Qe6 Qxe6 48. Bxe6 Kh7 49. f3 exf3+ 50. Kxf3 Kg6 51. Kf4 Kf6 52. Bd5 g5+ 53. Kf3 Ke5 54.
Bc6 h5 0-1

[Event "Early-Titled-Tuesday-Blitz-July-09-2024"]
[Site "Chess.com"]
[Date "2024.07.09"]
[Round "9"]
[White "GeorgiosSouleidis"]
[Black "kuchma777"]
[Result "0-1"]
[WhiteElo "2642"]
[BlackElo "2504"]
[TimeControl "180+1"]
[EndTime "9:46:18 PDT"]
[Termination "kuchma777 won by resignation"]

1. e4 c6 2. Nc3 d5 3. Nf3 dxe4 4. Nxe4 Nf6 5. Qe2 Nxe4 6. Qxe4 Nd7 7. d4 Nf6 8. Qd3 g6 9. Be2 Bf5 10. Qb3 Qc8 11. O-O Bg7 12. c4 O-O 13. Bf4 Rd8 14. Rad1 Nh5 15. Be3 Nf6 16. h3 h5 17. Rfe1 Ne4 18. Bd3 Nd6 19. Bf1 Ne4 20. Bf4 Bf6 21. Qe3 Nd6 22. Bg5 Be4 23. Bxf6 exf6 24. c5 Bxf3 25.
Qxf3 Nf5 26. Re4 Qd7 27. Qf4 Kg7 28. Bc4 Re8 29. Rxe8 Rxe8 30. d5 cxd5 31. Bxd5 Qe7 32. b4 a5 33. a3 axb4 34. axb4 Rd8 35. Qc1 Qe5 36. Bb3 Nd4 37. Ba4 Ne2+ 38. Kf1 Nxc1 39.
Rxd8 Qa1 40. Bd1 Qb2 41. Ke1 Qxb4+ 42. Kf1 Qc4+ 43. Kg1 Qxc5 44. Bf3 b5 45. Rb8 Nb3 46. Rb7 Nd4 47. Kh2 Nxf3+ 48. gxf3 Qxf2+ 49. Kh1 Qxf3+ 0-1